Map: Lost and Found LE

Players

Cham

  • Race: Zerg Zerg
  • Spawn Location: 1:00

StevenBonnel (PtitDrogo) - Winner!

  • Race: Protoss Protoss
  • League: Master
  • Spawn Location: 7:00

Event: WCS Montreal 2018

VOD

Have the link to the VOD?

Description

Time

  • Played on: Sept. 7, 2018, 4:55 p.m.
  • Length: 9:36

All games in this series

Show
View Real Time Build Order
Export as new Build Order

Cham Zerg 

Build Orders: Hatch First 

Get SALT Encoding   

  12  0:01  Drone  
  13  0:09  Drone  
  14  0:17  Overlord  
  15  0:35  Drone  
  15  0:45  Hatchery  
  15  0:48  Drone  
  15  0:52  Drone  
  15  0:55  Drone  
  17  1:01  Drone  
  18  1:11  Extractor  
  18  1:16  Spawning Pool  
  16  1:19  Drone  
  16  1:21  Drone  
  18  1:32  Drone  
  19  1:49  Overlord  
  19  1:56  Drone  
  19  1:57  Drone  
  21  2:04  Queen  
  21  2:05  Queen  
  21  2:06  Zergling x2  
  21  2:08  Zergling x2  
  27  2:13  Metabolic Boost  
  27  2:19  Drone x2  
  29  2:34  Hatchery  
  28  2:38  Drone x2  
  30  2:45  Queen  
  30  2:48  Zergling x2  
  30  2:50  Zergling x2  
  34  2:56  Overlord  
  34  3:01  Drone x2  
  34  3:05  Overlord  
  36  3:16  Drone x3  
  36  3:17  Drone x3  
  42  3:21  Overlord  
  42  3:28  Overlord  
  42  3:30  Drone x2  
  44  3:34  Spore Crawler  
  44  3:36  Drone  
  44  3:41  Queen  
  44  3:42  Drone  
  44  3:46  Drone  
  48  3:50  Spore Crawler, Drone  
  48  3:53  Spore Crawler, Drone  
  48  3:55  Drone  
  49  4:00  Overlord  
  49  4:05  Drone  
  49  4:06  Drone x3  
  49  4:09  Overlord  
  53  4:16  Drone, Overlord  
  54  4:22  Drone x5  
  57  4:29  Roach Warren  
  56  4:31  Drone  
  56  4:32  Drone x2  
  56  4:37  Lair  
  59  4:39  Drone  
  59  4:43  Extractor x2  
  58  4:46  Drone x4  
  58  4:47  Extractor  
  58  4:48  Drone  
  58  4:50  Drone x2  
  58  4:51  Drone  
  65  4:56  Overlord  
  65  4:57  Drone x2  
  65  4:58  Drone  
  68  5:09  Hatchery, Roach  
  68  5:11  Roach  
  71  5:14  Overlord  
  71  5:16  Roach  
  75  5:21  Roach x3  
  75  5:23  Roach x2  
  75  5:26  Roach  
  85  5:29  Roach  
  85  5:30  Roach  
  85  5:33  Overlord  
  85  5:34  Roach  
  85  5:35  Roach  
  89  5:46  Roach  
  89  5:47  Roach x5  
  89  5:49  Queen  
  103  5:53  Queen  
  103  5:56  Roach x2  
  109  5:59  Overlord  
  109  6:01  Roach  
  109  6:03  Roach  
  113  6:05  Glial Reconstitution  
  113  6:10  Roach  
  113  6:11  Roach  
  113  6:14  Overlord x2  
  113  6:15  Overlord  
  113  6:18  Overlord  
  113  6:19  Roach  
  113  6:23  Roach x2  
  119  6:26  Roach  
  119  6:29  Roach x2  
  119  6:31  Overlord  
  119  6:32  Roach  
  127  6:38  Overlord, Roach  
  127  6:39  Roach  
  131  6:41  Overlord  
  131  6:44  Roach x2  
  131  6:47  Roach  
  137  6:51  Roach  
  137  6:53  Overlord  
  139  6:57  Zergling x2, Roach x3  
  139  6:58  Zergling x2  
  147  7:02  Zergling x6  
  147  7:06  Roach x2  
  147  7:07  Roach  
  156  7:10  Ravager x4  
  156  7:11  Zergling x2  
  156  7:15  Zergling x4  
  163  7:18  Zergling x2  
  163  7:20  Zergling x2  
  165  7:25  Roach  
  165  7:26  Roach x2  
  165  7:29  Roach x4  
  178  7:31  Roach x2  
  178  7:35  Roach x2  
  183  7:38  Roach  
  183  7:39  Roach  
  183  7:40  Roach  
  174  7:44  Roach x2  
  144  7:52  Roach x4  
  144  7:57  Roach x2  
  129  7:59  Roach  
  129  8:04  Roach x2  
  126  8:11  Roach x3  
  130  8:14  Roach  
  130  8:17  Zergling x4, Roach  
  130  8:19  Zergling x4, Roach  
  126  8:23  Roach x2  
  110  8:30  Queen, Roach x2  
  110  8:31  Roach  
  110  8:32  Overlord  
  116  8:34  Roach  
  116  8:36  Roach  
  116  8:40  Roach x2  
  122  8:44  Roach x2  
  122  8:47  Overlord, Roach  
  128  8:51  Roach x2  
  134  8:55  Roach  
  134  8:56  Roach  
  134  8:58  Roach  
  134  8:59  Roach  
  138  9:04  Roach x2  
  138  9:08  Roach  
  145  9:10  Zergling x6  
  145  9:14  Roach x3  
  145  9:16  Roach  
Show
View Real Time Build Order
Export as new Build Order

StevenBonnel Protoss - Winner!

Build Orders: 1 Gate Expand, Oracle Opening, Phoenix Opening, Archon Immortal, Zealot Archon, Archon Drop 

Get SALT Encoding   

  12  0:00  Probe  
  13  0:12  Probe  
  14  0:19  Pylon  
  14  0:24  Probe  
  15  0:33  Probe  
  15  0:41  Probe  
  16  0:43  Gateway  
  16  0:47  Assimilator  
  17  0:51  Probe  
  18  1:03  Probe  
  19  1:19  Nexus  
  19  1:31  Cybernetics Core  
  19  1:33  Probe  
  19  1:37  Assimilator  
  20  1:46  Probe  
  21  1:48  Pylon  
  21  1:58  Adept, Probe  
  24  2:10  Probe  
  25  2:17  Stargate  
  25  2:21  Probe  
  26  2:25  Warp Gate  
  26  2:27  Probe  
  26  2:29  Adept, Probe  
  28  2:35  Probe  
  30  2:38  Probe  
  32  2:45  Probe  
  32  2:49  Probe  
  34  2:54  Phoenix  
  34  2:57  Probe  
  35  3:01  Probe  
  38  3:08  Pylon  
  38  3:09  Probe  
  39  3:13  Probe  
  39  3:15  Oracle  
  43  3:20  Assimilator  
  43  3:22  Probe, Assimilator  
  44  3:28  Probe  
  44  3:34  Robotics Facility, Probe  
  46  3:40  Probe  
  47  3:46  Probe  
  48  3:51  Twilight Council  
  48  3:52  Probe  
  49  3:58  Probe  
  49  4:01  Pylon  
  50  4:04  Probe  
  50  4:09  Gateway  
  51  4:10  Gateway, Probe  
  51  4:13  Gateway  
  52  4:19  Warp Prism  
  52  4:30  Templar Archives  
  54  4:31  Probe x2  
  54  4:37  Zealot  
  58  4:39  Pylon  
  58  4:43  Probe  
  59  4:51  Nexus  
  59  4:54  Pylon  
  59  4:58  Pylon  
  59  4:59  Probe  
  60  5:03  Observer  
  61  5:07  Probe  
  61  5:12  High Templar x4  
  61  5:14  Probe  
  71  5:16  Archon x2  
  71  5:19  Probe  
  72  5:21  Immortal  
  72  5:23  Forge  
  72  5:26  Probe  
  77  5:31  Pylon, Probe  
  77  5:34  Protoss Ground Weapons Level 1  
  78  5:38  Probe  
  79  5:47  Probe  
  80  5:50  Probe  
  80  5:52  Robotics Facility  
  80  5:56  Immortal, Gateway  
  81  5:59  Probe  
  81  6:00  Gateway  
  81  6:02  Probe  
  87  6:08  Charge  
  87  6:12  Probe  
  87  6:14  Probe x2  
  90  6:20  Shield Battery  
  90  6:23  Pylon  
  90  6:33  Probe x3  
  90  6:35  Assimilator  
  90  6:36  Pylon, Assimilator  
  90  6:39  Immortal  
  93  6:43  Immortal  
  93  6:44  Gateway  
  93  6:45  Probe x2  
  93  6:47  Gateway  
  99  6:50  Probe  
  104  6:57  Probe  
  104  7:01  Zealot x2, Photon Cannon  
  105  7:02  High Templar x2  
  105  7:07  Archon  
  111  7:11  Pylon x2, Photon Cannon  
  111  7:19  High Templar x2  
  111  7:20  Immortal  
  119  7:24  Archon  
  119  7:29  Immortal  
  119  7:31  Zealot x2  
  119  7:44  Zealot x2  
  119  7:51  Zealot x2  
  111  7:58  Zealot x2  
  105  7:59  Immortal  
  107  8:06  Immortal  
  105  8:23  Zealot x2  
  105  8:24  Zealot x5  
  105  8:25  Zealot  
  117  8:28  Probe  
  117  8:29  Immortal, Probe  
  119  8:38  Immortal  
  123  8:45  High Templar x3  
  123  8:46  High Templar  
  135  8:49  Archon  
  135  8:50  Archon  
  135  8:51  High Templar  
  135  8:52  High Templar  
  135  8:53  Zealot  
  135  8:55  Pylon, Nexus  
  141  9:03  Archon  
  138  9:16  Photon Cannon  
  142  9:19  Pylon  
  142  9:20  Pylon  
Tags
 
Add a new tag
Caveats
  • Supply blocks, unpowered buildings, or Contaminate may cause inaccurate times.
  • Supply counts are checked every 10 seconds.